 Dungeon Crawl Stone Soup version 0.17.0-15-g6d90897 (console) character file.

20448 tatsujin the Lord of Darkness (level 12, 0/81 HPs)
             Began as a Grey Draconian Enchanter on Nov 11, 2015.
             Was the Champion of Kikubaaqudgha.
             Slain by an enchanted long sword (9 damage)
             ... on level 14 of the Dungeon.
             The game lasted 00:54:51 (20189 turns).

tatsujin the Lord of Darkness (DrEn)               Turns: 20189, Time: 00:54:51

Health: 0/81       AC: 20    Str: 12    XL:     12   Next: 45%
Magic:  23/23      EV: 17    Int: 17    God:    Kikubaaqudgha [******]
Gold:   723        SH:  5    Dex: 24    Spells: 6 memorised, 6 levels left

rFire  . . .     SeeInvis .     a - +1 dagger (drain)
rCold  . . .     Clarity  .     (armour unavailable)
rNeg   . . .     SustAt   .     w - +0 buckler {AC+3}
rPois  .         Gourm    .     r - +2 hat
rElec  .         Spirit   .     p - +0 cloak
rCorr  .         Warding  .     (no gloves)
rMut   .         Stasis   .     A - +0 pair of boots
MR     +....                    L - amulet of faith {!P}
Stlth  ++++......               k - +3 ring of dexterity
                                l - ring of protection from magic

@: agile, somewhat resistant to hostile enchantments, stealthy
A: walk through water, unfitting armour, strong 1, unbreathing, cold-blooded, AC
+13
a: Receive Corpses, Torment, Brand Weapon With Pain, Receive Necronomicon,
Renounce Religion


   Skills:
 - Level 10.0 Short Blades
 - Level 1.7 Maces & Flails
 - Level 1.7 Dodging
 - Level 5.2 Stealth
 + Level 7.9 Spellcasting
 - Level 10.0 Hexes
 + Level 10.6 Necromancy
 - Level 5.0 Ice Magic


You had 6 spell levels left.
You knew the following spells:

 Your Spells              Type           Power        Failure   Level  Hunger
a - Ensorcelled Hibernat  Hex/Ice        ####..       1%          2    None
c - Dazzling Spray        Conj/Hex       ###.....     8%          3    #......
d - Dispel Undead         Necr           #####...     8%          5    #####..
t - Tukima's Dance        Hex            #####...     1%          3    #......
y - Death Channel         Necr           #####.....   34%         6    ######.
z - Corona                Hex            #####..      1%          1    None

Inventory:

Hand Weapons
 a - a +1 dagger of draining (weapon)
   (You took it off a goblin on level 1 of the Dungeon)
 b - a +2 whip of pain
   (You took it off an orc priest on level 12 of the Dungeon)
 t - the +7 blowgun "Sarcophage" {speed, rPois MR- Dex+8 SInv}
   (You bought it in a shop on level 7 of the Dungeon)

   Attacks with this weapon are significantly faster.
   It affects your dexterity (+8).
   It protects you from poison.
   It affects your resistance to hostile enchantments.
   It lets you see invisible.
Missiles
 D - 8 curare-tipped needles
Armour
 p - a +0 cloak (worn)
   (You bought it in a shop on level 7 of the Dungeon)
 r - a +2 hat (worn)
   (You found it on level 8 of the Dungeon)
 w - a +0 buckler of protection (worn)
   (You found it on level 5 of the Dungeon)
 A - a +0 pair of boots (worn)
   (You found it on level 7 of the Dungeon)
Jewellery
 h - an uncursed ring of flight
   (You took it off a goblin on level 3 of the Dungeon)
 j - an uncursed ring of fire
   (You found it on level 13 of the Dungeon)
 k - a +3 ring of dexterity (right hand)
   (You found it on level 3 of the Dungeon)
 l - a ring of protection from magic (left hand)
   (You found it on level 2 of the Dungeon)
 y - an uncursed amulet of resist corrosion
   (You found it on level 6 of the Dungeon)
 L - an amulet of faith (around neck) {!P}
   (You found it on level 10 of the Dungeon)
Wands
 G - a wand of teleportation (8)
   (You took it off Pikel on level 7 of the Dungeon)
Scrolls
 f - 4 scrolls of magic mapping
 u - 8 scrolls of identify
 x - 2 scrolls of amnesia
 B - 2 scrolls of silence
 F - 4 scrolls of remove curse
 J - a scroll of recharging
 K - a scroll of fear
Potions
 d - 5 potions of curing
 g - 2 potions of cure mutation
 m - 2 potions of might
 n - 7 potions of flight
 o - 2 potions of resistance
Books
 s - Kikubaaqudgha's Collected Works on Dark Secrets {god gift}
   (Kikubaaqudgha gifted it to you on level 4 of the Dungeon)

   Spells                             Type                      Level
   a - Animate Skeleton               Necromancy                   1
   b - Corpse Rot                     Necromancy                   2
   c - Sublimation of Blood           Necromancy                   2
   d - Vampiric Draining              Necromancy                   3
   e - Control Undead                 Necromancy                   4
 z - a book of Maledictions

   Spells                             Type                      Level
   a - Corona                         Hexes                        1
   b - Ensorcelled Hibernation        Hexes/Ice                    2
   c - Confuse                        Hexes                        3
   d - Tukima's Dance                 Hexes                        3
   e - Dazzling Spray                 Conjuration/Hexes            3
 C - Kikubaaqudgha's Volume of Black Rites {god gift}
   (Kikubaaqudgha gifted it to you on level 7 of the Dungeon)

   Spells                             Type                      Level
   a - Excruciating Wounds            Charms/Necromancy            5
   b - Agony                          Necromancy                   5
   c - Cigotuvi's Embrace             Necromancy                   5
   d - Dispel Undead                  Necromancy                   5
   e - Death Channel                  Necromancy                   6
Comestibles
 c - 6 bread rations
 i - 3 meat rations
 v - 4 beef jerkies
 E - 4 slices of pizza
 I - a royal jelly {!e}


Message History

You block the centaur skeleton's attack!
You skewer the centaur skeleton like a kebab!
You destroy the centaur skeleton!!!
No target in view!!!
No target in view!!!
No target in view!!!
No target in view!!!
No target in view!!!
No target in view!!!
No target in view!!!
No target in view!!!
No target in view!!!
No target in view!!!
No target in view!!!
You open the large door!
There is a large open door here!
D - 8 curare-tipped needles (gained 4)
You open the door! You open the door!
Found 23 arrows!
An enchanted long sword comes into view!
You spit the enchanted long sword but do no damage!
The enchanted long sword hits you!!!
You miss the enchanted long sword! The enchanted long sword hits you!!!
You closely miss the enchanted long sword!
You spit the enchanted long sword like a pig!
The enchanted long sword is lightly damaged!
You block the enchanted long sword's attack!
You stick the enchanted long sword but do no damage!
The enchanted long sword hits you!!!
You perforate the enchanted long sword but do no damage!
The enchanted long sword hits you but does no damage!
The enchanted long sword hits you but does no damage!
Read which item? (? for menu, Esc to quit)
As you read the scroll of teleportation, it crumbles to dust!
You feel strangely unstable! The enchanted long sword hits you!!!
Your surroundings seem slightly different!
The enchanted long sword hits you!!!!!!
Drink which item? (? for menu, Esc to quit)
You feel better!
The enchanted long sword hits you but does no damage!
Drink which item? (? for menu, Esc to quit)
You feel agile all of a sudden! The enchanted long sword hits you!!!!!!
Read which item? (? for menu, Esc to quit)
Okay, then!
Drink which item? (? for menu, Esc to quit)
You feel better!
The enchanted long sword hits you!!! rip Kikubaaqudgha rasps: "You have failed me!!!
Welcome!!! death!!!"

+...#....#..####...... ..
#...#....#............ #
#...#....#............
#...#....#............
#...#....#............
#######...#....#.............#
.........(#....#.............#
..........#....(...###+#####.#
..######..'...@#...#.......#.##
... #..######...#.......#... ....
#...........#.......#... ....
#...........#.......#...
....######...........#.......'...
.....................#.......####
..................####..........#
..................# ...........#
.................... ........<...


You could see an enchanted long sword.

Vault maps used:
D:1:      lightli_arrival_noodles, serial_forest, infiniplex_forest_clump_tiny,
          infiniplex_forest_lined_3_way, infiniplex_forest_lined_4_way,
          infiniplex_forest_zigzag_1, infiniplex_forest_straight_4,
          infiniplex_forest_side_room, infiniplex_forest_lined_room_3,
          infiniplex_forest_clump_C
D:2:      xom_redecorated
D:3:      kennysheep_goblin_castle
D:4:      minmay_goblin_kobold_castle, temple_fountains, first_bread,
          minmay_snake_closets
D:5:      nicolae_overflow_hidden_temple, lemuel_doored_altar,
          hangedman_ru_absence, uniq_duvessa
D:6:      lemuel_upstairs_altar, minmay_liquid_box
D:7:      lemuel_coloured_pillars_altar, serial_shops, shop, shop,
          nicolae_shop_trees, grunt_livestock, uniq_pikel
D:8:      dpeg_oklobed_lair
D:9:      stair_cage_open, serial_park_tiny_2
D:10:     kennysheep_generic_room_4, uniq_josephine, uniq_joseph
D:12:     hiddenorc2_lemuel
D:13:     grunt_decor_mini_mirrors
D:14:     thingy_vault, erik_vaults_1, nicolae_trove_entry_path_of_doom,
          uniq_sonja, uniq_roxanne
Temple:   circular_temple_12

Dungeon Overview and Level Annotations

Branches:
Dungeon (14/15)            Temple (1/1) D:4            Lair (0/8) D:8
    Orc (0/4) D:12
 Vaults: D:13-14

Altars:
Ashenzari
Cheibriados
Dithmenos
Elyvilon
Fedhas
Gozag
Kikubaaqudgha
Makhleb
Okawaru
Qazlal
Ru
Sif Muna
Trog
Vehumet
Xom
Zin
The Shining One

Shops:
D:7 [}(

Annotations:
D:14 exclusion: Roxanne, Roxanne


Innate Abilities, Weirdness & Mutations

You can walk through water.
Your dull iron-grey scales are very hard (AC +13).
Your body does not fit into most forms of armour.
You can survive without breathing.
You are cold-blooded and may be slowed by cold attacks.
Your muscles are strong. (Str +2)


You were on level 14 of the Dungeon.
You worshipped Kikubaaqudgha.
Kikubaaqudgha was exalted by your worship.
You were not hungry.

You visited 2 branches of the dungeon, and saw 14 of its levels.

You collected 1054 gold pieces.
You spent 331 gold pieces at shops.

Vanquished Creatures
  Monster Symbol All '5'
  6 crimson imps (D:7 D:8 D:9 D:10 D:12)
  3 shadow imps (D:7 D:8 D:13)
9 creatures vanquished. All '@' Josephine (D:10) Joseph (D:10)
2 creatures vanquished. All 'C' 3 cyclopes (D:12 D:13)
3 creatures vanquished. All 'D' A hydra (D:13) A mottled dragon (D:13)
2 creatures vanquished. All 'F' 11 giant frogs (D:5 D:6 D:8 D:12 D:13)
11 creatures vanquished. All 'G' An eye of draining (D:10)
1 creature vanquished. All 'H' A griffon (D:13) A manticore (D:13) A hippogriff (D:6)
3 creatures vanquished. All 'J' 3 slime creatures (D:13) A jelly (D:13) An ooze (D:3)
5 creatures vanquished. All 'K' 6 big kobolds (D:4) 45 kobolds (D:1 D:3 D:4)
51 creatures vanquished. All 'O' 4 ogres (D:6 D:7 D:12)
4 creatures vanquished. All 'P' A bush (D:1)
1 creature vanquished. All 'S' 2 water moccasins (D:5 D:8) 14 adders (D:2 D:3 D:4 D:7 D:8) 6 ball pythons (D:4 D:5)
22 creatures vanquished. All 'T' 2 trolls (D:12 D:13)
2 creatures vanquished. All 'W' 4 wraiths (D:10 D:12) A shadow (D:13) A hungry ghost (D:13) A phantom (D:5)
7 creatures vanquished. All 'Y' 7 yaks (D:7 D:13) 2 ice beasts (D:10) 4 sky beasts (D:8 D:10 D:12 D:13) 7 sheep (D:7 D:12)
20 creatures vanquished. All 'Z' 5 giant frog skeletons (D:4 D:6 D:8 D:12) 3 centaur skeletons (D:5 D:13 D:14) A hound skeleton (D:9) 3 adder zombies (D:5 D:7) An adder skeleton (D:8) A jackal zombie (D:5)
14 creatures vanquished. All 'a' A soldier ant (D:12) 4 worker ants (D:5 D:6 D:9 D:13)
5 creatures vanquished. All 'b' 9 bats (D:1 D:2 D:3)
9 creatures vanquished. All 'c' 3 centaur warriors (D:13) 9 centaurs (D:4 D:6 D:13)
12 creatures vanquished. All 'e' A deep elf mage (D:13) Duvessa (D:5) Dowan (D:5)
3 creatures vanquished. All 'g' 2 gnoll sergeants (D:9 D:12) Ijyb (D:3) 14 gnolls (D:4 D:5 D:9 D:12) 13 goblins (D:1 D:2 D:3) 4 hobgoblins (D:1 D:2 D:4)
34 creatures vanquished. All 'h' 2 black bears (D:9) 6 hounds (D:3 D:4 D:5 D:6 D:9) 12 jackals (D:2 D:3 D:5 D:10)
20 creatures vanquished. All 'l' 4 iguanas (D:5 D:6 D:7 D:13) 7 giant geckos (D:2 D:4 D:5 D:9) 6 giant newts (D:1 D:2 D:5 D:7)
17 creatures vanquished. All 'n' A necrophage (D:10)
1 creature vanquished. All 'o' 7 orc warriors (D:8 D:9 D:10) 11 orc priests (D:9 D:10 D:12) 13 orc wizards (D:3 D:4 D:5 D:8 D:10) 90 orcs (D:3 D:4 D:5 D:6 D:7)
121 creatures vanquished. All 'p' A human (D:7) 2 slaves (D:7)
3 creatures vanquished. All 'r' 5 quokkas (D:5 D:7 D:9) 8 rats (D:1 D:2)
13 creatures vanquished. All 's' 4 scorpions (D:4 D:7 D:8 D:14) 8 giant cockroaches (D:1 D:3 D:4 D:5)
12 creatures vanquished. All 't' 2 crocodiles (D:8 D:12)
2 creatures vanquished. All 'u' 2 ugly things (D:13)
2 creatures vanquished. All 'w' 2 worms (D:3 D:4)
2 creatures vanquished. All 'x' 2 unseen horrors (D:10)
2 creatures vanquished. All 'y' 9 killer bees (D:13)
9 creatures vanquished. All 'z' 3 wights (D:8)
3 creatures vanquished.
427 creatures vanquished. Monster Nature Uniques Josephine (D:10) Joseph (D:10) Duvessa (D:5) Dowan (D:5) Ijyb (D:3)
5 creatures vanquished. Natural Monsters A hydra (D:13) 3 centaur warriors (D:13) 2 unseen horrors (D:10) 3 cyclopes (D:12 D:13) 2 ugly things (D:13) A griffon (D:13) A manticore (D:13) 2 trolls (D:12 D:13) 3 slime creatures (D:13) A hippogriff (D:6) A human (D:7) A deep elf mage (D:13) 7 yaks (D:7 D:13) A soldier ant (D:12) A mottled dragon (D:13) 2 black bears (D:9) 2 ice beasts (D:10) 2 slaves (D:7) 4 ogres (D:6 D:7 D:12) An eye of draining (D:10) 2 water moccasins (D:5 D:8) 9 centaurs (D:4 D:6 D:13) 4 sky beasts (D:8 D:10 D:12 D:13) 7 orc warriors (D:8 D:9 D:10) 2 crocodiles (D:8 D:12) 11 giant frogs (D:5 D:6 D:8 D:12 D:13) 6 big kobolds (D:4) 4 scorpions (D:4 D:7 D:8 D:14) 9 killer bees (D:13) 2 gnoll sergeants (D:9 D:12) A jelly (D:13) 11 orc priests (D:9 D:10 D:12) 6 hounds (D:3 D:4 D:5 D:6 D:9) 13 orc wizards (D:3 D:4 D:5 D:8 D:10) 4 iguanas (D:5 D:6 D:7 D:13) 4 worker ants (D:5 D:6 D:9 D:13) 7 sheep (D:7 D:12) 14 gnolls (D:4 D:5 D:9 D:12) 14 adders (D:2 D:3 D:4 D:7 D:8) An ooze (D:3) 2 worms (D:3 D:4) 7 giant geckos (D:2 D:4 D:5 D:9) 90 orcs (D:3 D:4 D:5 D:6 D:7) 6 ball pythons (D:4 D:5) 9 bats (D:1 D:2 D:3) 8 giant cockroaches (D:1 D:3 D:4 D:5) 13 goblins (D:1 D:2 D:3) 4 hobgoblins (D:1 D:2 D:4) 12 jackals (D:2 D:3 D:5 D:10) 5 quokkas (D:5 D:7 D:9) 6 giant newts (D:1 D:2 D:5 D:7) 45 kobolds (D:1 D:3 D:4) 8 rats (D:1 D:2)
387 creatures vanquished. Undead Monsters 4 wraiths (D:10 D:12) A shadow (D:13) A hungry ghost (D:13) A phantom (D:5) A necrophage (D:10) 3 wights (D:8) 5 giant frog skeletons (D:4 D:6 D:8 D:12) 3 centaur skeletons (D:5 D:13 D:14) A hound skeleton (D:9) 3 adder zombies (D:5 D:7) An adder skeleton (D:8) A jackal zombie (D:5)
25 creatures vanquished. Demonic Monsters 6 crimson imps (D:7 D:8 D:9 D:10 D:12) 3 shadow imps (D:7 D:8 D:13)
9 creatures vanquished. Plants A bush (D:1)
1 creature vanquished.
427 creatures vanquished. Ascending Order Josephine (D:10) A hydra (D:13) A griffon (D:13) A manticore (D:13) Joseph (D:10) A shadow (D:13) A hippogriff (D:6) A human (D:7) A hungry ghost (D:13) A deep elf mage (D:13) A soldier ant (D:12) A mottled dragon (D:13) Duvessa (D:5) A phantom (D:5) A necrophage (D:10) An eye of draining (D:10) Dowan (D:5) A jelly (D:13) Ijyb (D:3) A hound skeleton (D:9) An ooze (D:3) An adder skeleton (D:8) A jackal zombie (D:5) A bush (D:1) 2 unseen horrors (D:10) 2 ugly things (D:13) 2 trolls (D:12 D:13) 2 slaves (D:7) 2 ice beasts (D:10) 2 black bears (D:9) 2 water moccasins (D:5 D:8) 2 crocodiles (D:8 D:12) 2 gnoll sergeants (D:9 D:12) 2 worms (D:3 D:4) 3 centaur warriors (D:13) 3 cyclopes (D:12 D:13) 3 slime creatures (D:13) 3 wights (D:8) 3 centaur skeletons (D:5 D:13 D:14) 3 shadow imps (D:7 D:8 D:13) 3 adder zombies (D:5 D:7) 4 wraiths (D:10 D:12) 4 ogres (D:6 D:7 D:12) 4 sky beasts (D:8 D:10 D:12 D:13) 4 scorpions (D:4 D:7 D:8 D:14) 4 iguanas (D:5 D:6 D:7 D:13) 4 worker ants (D:5 D:6 D:9 D:13) 4 hobgoblins (D:1 D:2 D:4) 5 giant frog skeletons (D:4 D:6 D:8 D:12) 5 quokkas (D:5 D:7 D:9) 6 big kobolds (D:4) 6 crimson imps (D:7 D:8 D:9 D:10 D:12) 6 hounds (D:3 D:4 D:5 D:6 D:9) 6 ball pythons (D:4 D:5) 6 giant newts (D:1 D:2 D:5 D:7) 7 yaks (D:7 D:13) 7 orc warriors (D:8 D:9 D:10) 7 sheep (D:7 D:12) 7 giant geckos (D:2 D:4 D:5 D:9) 8 giant cockroaches (D:1 D:3 D:4 D:5) 8 rats (D:1 D:2) 9 centaurs (D:4 D:6 D:13) 9 killer bees (D:13) 9 bats (D:1 D:2 D:3) 11 giant frogs (D:5 D:6 D:8 D:12 D:13) 11 orc priests (D:9 D:10 D:12) 12 jackals (D:2 D:3 D:5 D:10) 13 orc wizards (D:3 D:4 D:5 D:8 D:10) 13 goblins (D:1 D:2 D:3) 14 gnolls (D:4 D:5 D:9 D:12) 14 adders (D:2 D:3 D:4 D:7 D:8) 45 kobolds (D:1 D:3 D:4) 90 orcs (D:3 D:4 D:5 D:6 D:7)
427 creatures vanquished. ----------------------------------------

Vanquished Creatures (collateral kills)
  Monster Symbol All '9'
  A gargoyle (D:13)
1 creature vanquished. All 'C' 2 hill giants (D:12 D:13)
2 creatures vanquished. All 'K' Pikel (D:7)
1 creature vanquished. All 'O' An ogre (D:12)
1 creature vanquished. All 'R' An efreet (D:13)
1 creature vanquished. All 'Z' A centaur skeleton (D:12) A jackal skeleton (D:7)
2 creatures vanquished. All 'g' 2 gnolls (D:9)
2 creatures vanquished. All 'o' An orc (D:12)
1 creature vanquished. All 'z' 11 wights (D:6 D:8 D:10)
11 creatures vanquished.
22 creatures vanquished. Monster Nature Uniques Pikel (D:7)
1 creature vanquished. Natural Monsters 2 hill giants (D:12 D:13) An ogre (D:12) 2 gnolls (D:9) An orc (D:12)
6 creatures vanquished. Non-Living Monsters A gargoyle (D:13)
1 creature vanquished. Undead Monsters A centaur skeleton (D:12) 11 wights (D:6 D:8 D:10) A jackal skeleton (D:7)
13 creatures vanquished. Demonic Monsters An efreet (D:13)
1 creature vanquished.
22 creatures vanquished. Ascending Order Pikel (D:7) A gargoyle (D:13) A centaur skeleton (D:12) An efreet (D:13) An ogre (D:12) An orc (D:12) A jackal skeleton (D:7) 2 hill giants (D:12 D:13) 2 gnolls (D:9) 11 wights (D:6 D:8 D:10)
22 creatures vanquished. ----------------------------------------

Vanquished Creatures (others)
  Monster Symbol All '('
  A dancing weapon (D:4)
1 creature vanquished. All 'o' An orc (D:10)
1 creature vanquished. All 'y' A killer bee (D:13)
1 creature vanquished.
3 creatures vanquished. Monster Nature Natural Monsters A killer bee (D:13) An orc (D:10)
2 creatures vanquished. Non-Living Monsters A dancing weapon (D:4)
1 creature vanquished.
3 creatures vanquished. Ascending Order A dancing weapon (D:4) A killer bee (D:13) An orc (D:10)
3 creatures vanquished. ----------------------------------------

Grand Total: 452 creatures vanquished

Table legend:
 A = Kills in this place as a percentage of kills in entire the game.
 B = Kills by you in this place as a percentage of kills by you in the entire game.
 C = Kills by friends in this place as a percentage of kills by friends in the entire game.
 D = Other kills in this place as a percentage of other kills in the entire game.
 E = Experience gained in this place as a percentage of experience gained in the entire game.
 F = Experience gained in this place divided by the number of levels of this place that you have seen.
                   A       B       C       D       E      F
               +-------+-------+-------+-------+-------+----------------------
         Total | 100.0 | 100.0 | 100.0 | 100.0 | 100.0 | 2086.6
       Dungeon | 100.0 | 100.0 | 100.0 | 100.0 | 100.0 | 2247.1
               +-------+-------+-------+-------+-------+----------------------

Table legend:
 A = Turns spent in this place as a percentage of turns spent in the entire game.
 B = Non-inter-level travel turns spent in this place as a percentage of non-inter-level travel turns spent in the entire game.
 C = Inter-level travel turns spent in this place as a percentage of turns spent in this place.
 D = Turns resting spent in this place as a percentage of non-inter-level travel turns spent in this place.
 E = Turns spent auto-exploring this place as a percentage of non-inter-level travel turns spent in this place.
 F = Non-inter-level travel turns spent in this place divided by the number of levels of this place that you've seen.
                   A       B       C       D       E      F
               +-------+-------+-------+-------+-------+----------------------
         Total | 100.0 | 100.0 |   0.2 |   3.5 |   5.9 | 494.7
       Dungeon |  99.9 |  99.9 |   0.2 |   3.5 |   5.9 | 532.3
        Temple |   0.1 |   0.1 |  25.0 |   0.0 |  50.0 |   6.0
               +-------+-------+-------+-------+-------+----------------------

Action                   |  1- 3 |  4- 6 |  7- 9 | 10-12 || total
-------------------------+-------+-------+-------+-------++-------
Melee: Dagger            |   479 |   222 |   709 |  1083 ||  2493
       Whip              |       |       |       |    49 ||    49
 Cast: Corona            |     4 |       |       |     2 ||     6
       Ensorcelled Hiber |    10 |    38 |    62 |   162 ||   272
       Tukima's Dance    |       |       |     8 |    13 ||    21
       Dazzling Spray    |       |       |       |    10 ||    10
       Dispel Undead     |       |       |       |     8 ||     8
  Use: Scroll            |     6 |     7 |     7 |     9 ||    29
       Potion            |       |     1 |       |    13 ||    14
 Stab: Sleeping          |     8 |    24 |    29 |    75 ||   136
       Distracted        |       |     1 |     1 |     2 ||     4
       Invisible         |       |       |       |     1 ||     1
  Eat: Chunk             |     5 |    11 |    21 |    23 ||    60
       Bread ration      |     1 |       |       |     3 ||     4
       Pizza             |       |       |       |     4 ||     4
       Fruit             |       |       |       |     3 ||     3

Notes
Turn   | Place    | Note
--------------------------------------------------------------
     0 | D:1      | tatsujin the Draconian Enchanter began the quest for the Orb.
     0 | D:1      | Reached XP level 1. HP: 14/14 MP: 3/3
   693 | D:1      | Reached skill level 3 in Hexes
   693 | D:1      | Reached XP level 2. HP: 18/20 MP: 5/5
   721 | D:1      | Learned a level 2 spell: Ensorcelled Hibernation
  2125 | D:2      | Found a shimmering altar of Xom.
  2133 | D:2      | Reached XP level 3. HP: 20/26 MP: 6/6
  2228 | D:2      | Learned a level 3 spell: Tukima's Dance
  2285 | D:2      | Reached skill level 2 in Short Blades
  2446 | D:2      | Found a shimmering altar of Xom.
  2447 | D:2      | Found a shimmering altar of Xom.
  2447 | D:2      | Found a shimmering altar of Xom.
  2448 | D:2      | Found a shimmering altar of Xom.
  2450 | D:2      | Found a shimmering altar of Xom.
  2558 | D:2      | Reached skill level 1 in Ice Magic
  3251 | D:3      | Reached XP level 4. HP: 19/33 MP: 7/7
  3445 | D:3      | Reached skill level 2 in Ice Magic
  3655 | D:3      | Gained mutation: Your muscles are strong. (Str +2) [potion of beneficial mutation]
  3726 | D:3      | Reached XP level 5. HP: 38/38 MP: 8/8
  3740 | D:3      | Noticed Ijyb
  3781 | D:3      | Killed Ijyb
  3781 | D:3      | Reached skill level 3 in Short Blades
  3781 | D:3      | Reached skill level 4 in Hexes
  3860 | D:3      | Identified a potion of resistance
  4276 | D:3      | HP: 7/38 [orc/short sword (9)]
  4902 | D:4      | Reached XP level 6. HP: 45/45 MP: 4/9
  4973 | D:4      | Found a staircase to the Ecumenical Temple.
  4985 | Temple   | Entered the Ecumenical Temple
  5082 | Temple   | Became a worshipper of Kikubaaqudgha
  5130 | D:4      | Reached skill level 3 in Ice Magic
  5470 | D:4      | Noticed a centaur
  5479 | D:4      | Killed a centaur
  5479 | D:4      | Reached skill level 4 in Short Blades
  5823 | D:4      | Reached skill level 5 in Hexes
  5823 | D:4      | Your scales start taking on a dull iron-grey colour.
  5823 | D:4      | Gained mutation: You can survive without breathing. [Grey Draconian growth]
  5823 | D:4      | Reached XP level 7. HP: 50/50 MP: 3/10
  6187 | D:4      | Reached * piety under Kikubaaqudgha
  6187 | D:4      | Received a gift from Kikubaaqudgha
  6206 | D:4      | Identified Kikubaaqudgha's Collected Works on Dark Secrets {god gift} (Kikubaaqudgha gifted it to you on level 4 of the Dungeon)
  6263 | D:4      | Learned a level 3 spell: Dazzling Spray
  6418 | D:4      | Reached skill level 5 in Short Blades
  6488 | D:4      | Reached skill level 6 in Hexes
  6702 | D:4      | Reached skill level 6 in Short Blades
  6702 | D:4      | Reached XP level 8. HP: 41/57 MP: 11/11
  6844 | D:4      | Reached ** piety under Kikubaaqudgha
  6964 | D:5      | Entered Level 5 of the Dungeon
  7328 | D:5      | Found a blossoming altar of Fedhas.
  7330 | D:5      | Found a shadowy altar of Dithmenos.
  7586 | D:5      | Found a sacrificial altar of Ru.
  7690 | D:5      | Found a burning altar of Makhleb.
  7793 | D:5      | Noticed Duvessa
  7793 | D:5      | Noticed Dowan
  7795 | D:5      | Killed Dowan
  7797 | D:5      | Killed Duvessa
  7797 | D:5      | Reached skill level 7 in Short Blades
  7797 | D:5      | Reached skill level 7 in Hexes
  8710 | D:6      | Reached XP level 9. HP: 48/62 MP: 0/12
  8883 | D:6      | Reached skill level 8 in Short Blades
  8963 | D:6      | Reached skill level 8 in Hexes
  9339 | D:7      | Found Pukhuext's Antique Weapon Shop.
  9392 | D:7      | Bought a pitted blowgun for 232 gold pieces
  9392 | D:7      | Identified the +7 blowgun "Sarcophage" {speed, rPois MR- Dex+8 SInv} (You bought it in a shop on level 7 of the Dungeon)
  9484 | D:7      | Reached *** piety under Kikubaaqudgha
  9484 | D:7      | Received a gift from Kikubaaqudgha
  9485 | D:7      | Identified Kikubaaqudgha's Volume of Black Rites {god gift} (Kikubaaqudgha gifted it to you on level 7 of the Dungeon)
  9718 | D:7      | Found a sacrificial altar of Ru.
  9831 | D:7      | Found Xifekk's Antique Armour Shoppe.
  9867 | D:7      | Bought a cloak for 99 gold pieces
 10045 | D:7      | Reached skill level 9 in Short Blades
 10197 | D:7      | Noticed Pikel
 10233 | D:7      | Killed Pikel
 10233 | D:7      | Reached skill level 9 in Hexes
 10458 | D:7      | Found Otont's Gadget Shoppe.
 10754 | D:8      | Reached XP level 10. HP: 60/69 MP: 8/13
 10767 | D:8      | Found a staircase to the Lair.
 10812 | D:8      | Reached skill level 10 in Short Blades
 11012 | D:8      | Reached skill level 1 in Necromancy
 11449 | D:8      | Reached skill level 2 in Necromancy
 11696 | D:9      | Reached **** piety under Kikubaaqudgha
 11816 | D:9      | Reached skill level 10 in Hexes
 12571 | D:10     | Entered Level 10 of the Dungeon
 12583 | D:10     | Reached skill level 3 in Necromancy
 12922 | D:10     | Noticed Joseph
 12936 | D:10     | Reached skill level 3 in Spellcasting
 12974 | D:10     | Killed Joseph
 12974 | D:10     | Reached skill level 4 in Necromancy
 13263 | D:10     | HP: 6/69 [something (13)]
 13389 | D:10     | Reached skill level 4 in Spellcasting
 13865 | D:10     | Noticed an unseen horror
 13868 | D:10     | Killed an unseen horror
 13868 | D:10     | Reached skill level 5 in Necromancy
 14012 | D:10     | Learned a level 5 spell: Dispel Undead
 14096 | D:10     | Noticed an unseen horror
 14103 | D:10     | Killed an unseen horror
 14103 | D:10     | Reached skill level 3 in Stealth
 14249 | D:10     | Noticed Josephine
 14276 | D:10     | Reached skill level 6 in Necromancy
 14296 | D:10     | Reached XP level 11. HP: 51/74 MP: 12/18
 14334 | D:10     | Killed Josephine
 14334 | D:10     | Reached skill level 4 in Stealth
 14599 | D:10     | You fall through a shaft for 2 floors!
 14609 | D:12     | Noticed a hill giant
 14625 | D:12     | Killed a hill giant
 14826 | D:12     | Reached ***** piety under Kikubaaqudgha
 14833 | D:12     | Reached skill level 5 in Stealth
 14833 | D:12     | Reached skill level 7 in Necromancy
 15033 | D:12     | Reached skill level 5 in Spellcasting
 15454 | D:12     | Found a staircase to the Orcish Mines.
 15586 | D:12     | HP: 12/74 [crocodile (11)]
 15758 | D:12     | Reached skill level 1 in Maces & Flails
 15881 | D:12     | Learned a level 6 spell: Death Channel
 16171 | D:13     | Reached skill level 8 in Necromancy
 16171 | D:13     | Reached skill level 4 in Ice Magic
 16176 | D:13     | Noticed a hill giant
 16182 | D:13     | Killed a hill giant
 16205 | D:13     | HP: 8/74 [something (23)]
 16890 | D:13     | Reached skill level 5 in Ice Magic
 16911 | D:13     | HP: 11/74 [killer bee (6)]
 17350 | D:13     | Reached skill level 9 in Necromancy
 17457 | D:13     | Noticed a centaur warrior
 17609 | D:13     | Reached skill level 6 in Spellcasting
 17741 | D:13     | Killed a centaur warrior
 17741 | D:13     | Reached XP level 12. HP: 56/81 MP: 14/21
 17946 | D:13     | Noticed a centaur warrior
 17951 | D:13     | Noticed a seven-headed hydra
 18228 | D:13     | Noticed a centaur warrior
 18254 | D:13     | Killed a centaur warrior
 18594 | D:13     | Reached skill level 7 in Spellcasting
 18594 | D:13     | Reached skill level 10 in Necromancy
 18611 | D:13     | HP: 12/81 [centaur warrior (6)]
 18616 | D:13     | Killed a centaur warrior
 19082 | D:13     | Reached ****** piety under Kikubaaqudgha
 19109 | D:13     | Killed a seven-headed hydra
 20096 | D:14     | Noticed Roxanne
 20188 | D:14     | HP: 3/81 [enchanted long sword (22)]
 20189 | D:14     | Slain by an enchanted long sword
